 Dungeon Crawl Stone Soup version 0.27-a0-965-gbf8bb431c4 (webtiles) character file.

Game seed: 8382873985812440652

7331 Lanoc the Jinx (level 10, -6/74 HPs)
             Began as a Vampire Ice Elementalist on Apr 12, 2021.
             Was a Priest of Sif Muna.
             Mangled by a troll (9 damage)
             ... on level 10 of the Dungeon.
             The game lasted 00:18:16 (9893 turns).

Lanoc the Jinx (Vampire Ice Elementalist)           Turns: 9893, Time: 00:18:17

Health: -6/74      AC:  7    Str:  7    XL:     10   Next: 90%
Magic:  12/13      EV: 18    Int: 20    God:    Sif Muna [***...]
Gold:   537        SH:  0    Dex: 16    Spells: 2/13 levels left

rFire    . . .     SeeInvis +   L - +4 dagger (chaos)
rCold    . . .     Faith    .   (no shield)
rNeg     . . .     Spirit   .   l - +2 animal skin
rPois    .         Reflect  .   m - +0 helmet
rElec    .         Harm     .   (no cloak)
rCorr    .         Rampage  .   (no gloves)
Will     ++...                  h - +1 pair of boots
Stlth    ++........             C - amulet of magic regeneration
HPRegen  0.42/turn              s - ring of wizardry
MPRegen  0.38/turn              q - ring of willpower

@: freezing walls, regenerating quickly
A: alive, fangs 3, see invisible, unbreathing 1, vampiric 2
a: Exsanguinate, Renounce Religion, Channel Magic, Forget Spell


You were on level 10 of the Dungeon.
You worshipped Sif Muna.
Sif Muna was most pleased with you.
You visited 2 branches of the dungeon, and saw 11 of its levels.

You collected 537 gold pieces.

Inventory:

Hand Weapons
 L - a +4 dagger of chaos (weapon)
Missiles
 w - 4 throwing nets
 J - 6 curare-tipped darts
 M - 2 atropa-tipped darts
Armour
 h - a +1 pair of boots (worn)
 l - a +2 animal skin (worn)
 m - a +0 helmet (worn)
Jewellery
 q - a ring of willpower (right hand)
 s - a ring of wizardry (left hand)
 C - an amulet of magic regeneration (around neck)
Wands
 j - a wand of digging (5)
 B - a wand of polymorph (6)
 D - a wand of flame (13)
Scrolls
 a - a scroll of noise {unknown}
 b - a scroll of teleportation
 c - a scroll of amnesia
 d - a scroll of blinking {unknown}
 e - 4 scrolls of enchant armour
 i - a scroll of silence {unknown}
 n - a scroll of acquirement {unknown}
 u - 3 scrolls of brand weapon {unknown}
 x - 2 scrolls of vulnerability {unknown}
 y - 3 scrolls of immolation {unknown}
 F - a scroll of fog {unknown}
 H - a scroll of holy word {unknown}
 I - a scroll of torment {unknown}
Potions
 f - 2 potions of flight
 g - 2 potions of attraction
 k - 3 potions of heal wounds
 p - a potion of ambrosia
 r - 2 potions of might
 t - a potion of curing
 z - a potion of resistance
 A - 3 potions of brilliance
 E - 2 potions of haste
 G - 2 potions of lignification
 K - a potion of berserk rage
Miscellaneous
 o - a tin of tremorstones (2/2)


   Skills:
 + Level 5.1 Fighting
 + Level 11.1 Dodging
 - Level 3.0 Stealth
 - Level 2.0 Spellcasting
 * Level 11.3 Hexes
 - Level 10.0 Ice Magic


You had 2 spell levels left.
You knew the following spells:

 Your Spells              Type           Power      Damage    Failure   Level
b - Frozen Ramparts       Ice            84%        1d10      1%          3
c - Ozocubu's Armour      Ice            42%        N/A       1%          3
d - Yara's Violent Unrav  Hex/Tmut       12%        3d7       16%         5

Your spell library contained the following spells:

 Spells                   Type           Power      Damage    Failure   Level
 Corona                   Hex            52%        N/A       1%          1
 Freeze                   Ice            100%       1d11      1%          1
 Animate Skeleton         Necr           4%         N/A       6%          1
 Apportation              Tloc           4%         N/A       6%          1
 Summon Small Mammal      Summ           8%         N/A       6%          1
 Poisonous Vapours        Pois/Air       4%         N/A       10%         2
 Confusing Touch          Hex            47%        N/A       1%          3
 Cause Fear               Hex            23%        N/A       1%          4
 Metabolic Englaciation   Hex/Ice        22%        N/A       2%          5
 Hailstorm                Conj/Ice       22%        3d7       9%          4
 Silence                  Hex/Air        12%        N/A       16%         5
 Conjure Flame            Conj/Fire      2%         6-21      19%         3
 Gell's Gravitas          Tloc           1%         N/A       19%         3
 Mephitic Cloud           Conj/Pois/Air  2%         N/A       19%         3
 Petrify                  Tmut/Erth      2%         N/A       50%         4
 Freezing Cloud           Conj/Ice/Air   7%         6-21      91%         6
 Discord                  Hex            23%        N/A       98%         8


Dungeon Overview and Level Annotations

Branches:
Dungeon (10/15)            Temple (1/1) D:7            Lair (0/6) D:10
    Orc: D:9-12

Altars:
Fedhas
Gozag
Hepliaklqana
Okawaru
Sif Muna
The Shining One

Shops:
D:2 [


Innate Abilities, Weirdness & Mutations

Your natural rate of healing is unusually fast.
You have razor-sharp teeth.
You have supernaturally acute eyesight. (SInv)
You can survive without breathing.
You are afflicted with vampirism and can become a bat while bloodless.


Message History

Found a trident.
Found a staircase to the Lair.
You see here a +0 trident.
A boulder beetle is nearby!
A troll comes into view.
The troll shouts!
Found 18 gold pieces.
Casting: Frozen Ramparts (safe; 1% risk of failure)
Confirm with . or Enter, or press ? or * to list all spells.
Casting: Frozen Ramparts (safe; 1% risk of failure)
Press: ? - help, Dir - look around, f - activate The walls around you are covered in ice.
The wall freezes the troll.
The troll bites you. The troll claws you! The troll claws you.
You completely miss the troll.
The troll is lightly wounded.
The wall freezes the troll!
The troll misses you. The troll claws you! x2
You hit the troll but do no damage.
The troll is moderately wounded.
The wall freezes the troll.
The troll closely misses you. The troll barely misses you. The troll claws you.
You are too injured to fight recklessly!
You are too injured to fight recklessly!
Casting: Frozen Ramparts (safe; 1% risk of failure)
Confirm with . or Enter, or press ? or * to list all spells.
You don't know that spell.
You hit the troll. You burn the troll.
The troll is heavily wounded.
The wall freezes the troll.
The troll misses you. The troll claws you! The troll closely misses you.
You hit the troll. You burn the troll. You bite the troll.
The troll is severely wounded.
The wall freezes the troll.
The troll misses you. The troll barely misses you. The troll claws you!
* * * LOW HITPOINT WARNING * * *
You hit the troll but do no damage.
The troll is almost dead.
The wall freezes the troll.
The troll bites you!
* * * LOW HITPOINT WARNING * * *
The troll completely misses you. The troll claws you!
You die...

#.#######.......#####
#.(......#
#.#.................#
#........#
.....####.......###.#
#........# #.##.#
#......<# #.##
#....>...# #.##.##
####.####
#..###......(.#
#.##)># #..#
##...'........#
#.##### ##.####
#####........# #.#
#....# ##....#### #+#
####@# ####..# #T#
.... #.# ....# ##$
...# . .. .# ##


You could see a troll.

Vanquished Creatures
  Harold (D:9)
  A boulder beetle (D:10)
  2 two-headed ogres
  Maggie (D:6)
  Psyche (D:9)
  An unseen horror (D:10)
  A troll (D:9)
  A queen bee (D:5)
  Grinder (D:4)
  A wraith (D:10)
  A steam dragon (D:8)
  A water moccasin (D:6)
  2 black bears
  4 orc warriors
  A sky beast (D:6)
  2 necrophages
  3 ogres
  A centaur (D:5)
  A kobold brigand (D:6)
  A bullfrog (D:9)
  A gnoll sergeant (D:9)
  A wyvern zombie (D:5)
  4 scorpions
  7 killer bees
  2 howler monkeys (D:8)
  A jelly (D:6)
  A gnoll shaman (D:4)
  3 orc priests
  2 bullfrog skeletons
  3 iguanas
  7 orc wizards
  Ijyb (D:5)
  3 killer bee zombies
  2 hound zombies (D:5)
  A hound skeleton (D:5)
  2 howler monkey zombies
  Robin (D:2)
  2 howler monkey skeletons (D:7)
  8 gnolls
  4 adders
  A shadow imp (D:6)
  4 ufetubi
  A worm (D:2)
  A dart slug (D:2)
  17 orcs
  8 endoplasms
  8 goblins
  8 hobgoblins
  2 jackals (D:1)
  5 quokkas
  11 ball pythons
  A ball python skeleton (D:2)
  6 bats
  3 frilled lizards
  10 kobolds
  7 rats
  A toadstool (D:1)
178 creatures vanquished.

Vanquished Creatures (others)
  12 plants (D:2)
  3 toadstools (D:1)
15 creatures vanquished.

Grand Total: 193 creatures vanquished

Notes
Turn   | Place    | Note
-------+----------+-------------------------------------------
     0 | D:1      | Lanoc the Vampire Ice Elementalist began the quest for the
                  | Orb.
     0 | D:1      | Reached XP level 1. HP: 13/13 MP: 3/3
   346 | D:1      | Reached XP level 2. HP: 19/19 MP: 1/5
  1131 | D:2      | Found Solagrekk's Antique Armour Boutique.
  1156 | D:2      | Found a faded altar of an unknown god.
  1160 | D:2      | Became a worshipper of Sif Muna the Loreminder
  1160 | D:2      | Reached * piety under Sif Muna
  1259 | D:2      | Gained mutation: You are afflicted with vampirism and can
                  | become a bat while bloodless. [Vampire growth]
  1259 | D:2      | Reached XP level 3. HP: 24/24 MP: 3/6
  1263 | D:2      | Learned a level 3 spell: Frozen Ramparts
  1730 | D:2      | Noticed Robin
  1744 | D:2      | Killed Robin
  1745 | D:2      | Reached skill level 5 in Ice Magic
  1972 | D:2      | Reached XP level 4. HP: 27/30 MP: 2/7
  2029 | D:2      | Reached ** piety under Sif Muna
  2673 | D:3      | Found a shimmering blue altar of Sif Muna.
  3201 | D:3      | Reached XP level 5. HP: 35/35 MP: 4/8
  3509 | D:4      | Noticed Grinder
  3524 | D:4      | Killed Grinder
  3525 | D:4      | Reached XP level 6. HP: 41/41 MP: 0/9
  3632 | D:4      | Reached skill level 5 in Dodging
  4139 | D:4      | Reached XP level 7. HP: 33/46 MP: 6/10
  4279 | D:5      | Entered Level 5 of the Dungeon
  4292 | D:5      | Reached *** piety under Sif Muna
  4358 | D:5      | Noticed Ijyb
  4367 | D:5      | Killed Ijyb
  4781 | D:5      | Found a blossoming altar of Fedhas.
  4958 | D:5      | Noticed a queen bee
  4958 | D:5      | an ice beast changed into a queen bee
  4964 | D:5      | Killed a queen bee
  4965 | D:5      | Reached XP level 8. HP: 52/52 MP: 8/11
  5450 | D:5      | Learned a level 3 spell: Ozocubu's Armour
  5619 | D:6      | Found a hazy altar of Hepliaklqana.
  5853 | D:6      | Reached skill level 10 in Ice Magic
  5901 | D:6      | Noticed Maggie
  5910 | D:6      | Killed Maggie
  5911 | D:6      | Reached XP level 9. HP: 26/57 MP: 10/12
  6775 | D:7      | Learned a level 5 spell: Yara's Violent Unravelling
  6807 | D:7      | Reached skill level 1 in Hexes
  6967 | D:7      | Reached skill level 1 in Fighting
  7136 | D:7      | Found a staircase to the Ecumenical Temple.
  7156 | Temple   | Entered the Ecumenical Temple
  7520 | D:7      | Found an opulent altar of Gozag.
  7738 | D:8      | Noticed a two-headed ogre
  7751 | D:8      | Killed a two-headed ogre
  7752 | D:8      | Reached skill level 10 in Dodging
  8183 | D:9      | Noticed Psyche
  8187 | D:9      | Killed Psyche
  8188 | D:9      | Reached XP level 10. HP: 70/70 MP: 9/13
  8395 | D:9      | Noticed Harold
  8409 | D:9      | Killed Harold
  8798 | D:9      | Noticed a two-headed ogre
  8813 | D:9      | Killed a two-headed ogre
  9303 | D:9      | Found an iron altar of Okawaru.
  9386 | D:9      | Reached skill level 10 in Hexes
  9457 | D:10     | Entered Level 10 of the Dungeon
  9643 | D:10     | Noticed a boulder beetle
  9662 | D:10     | Noticed a boulder beetle
  9668 | D:10     | Killed a boulder beetle
  9669 | D:10     | Reached skill level 5 in Fighting
  9846 | D:10     | Found a staircase to the Lair.
  9893 | D:10     | HP: 3/74 [troll (15)]
  9893 | D:10     | Mangled by a troll

Illustrated notes

Levels and vault maps discovered:
D:1:      ldierk_water_garden, layout_basic, minmay_tiny_reverse_x
D:2:      layout_basic, serial_shops, shop,
          shapermc_ecumenical_altar_hornbeckon, minmay_between, uniq_robin
D:3:      layout_basic, old_standard_altar, kennysheep_generic_room_13
D:4:      layout_loops_ring, uniq_grinder
D:5:      layout_cave_pods, fedhas_ov_isle_minmay, uniq_ijyb
D:6:      layout_basic, lemuel_crystal_altar, uniq_maggie
D:7:      layout_basic, gammafunk_temple_overflow_elements, temple_pool_b
D:8:      lemuel_ice_spiral_2, layout_rooms, glass_columns_b
D:9:      layout_stronghold, lemuel_crystal_altar, uniq_harold, uniq_psyche
D:10:     layout_roguey, elyvilon_altar_4, gammafunk_temple_overflow_wave,
          lair_entry_dummy, serial_shops, shop, minmay_radiant
Temple:   nicolae_temple_figure_eight

Skill      XL: |  1  2  3  4  5  6  7  8  9 10 |
---------------+-------------------------------+-----
Dodging        | 3 4 5 6 8 10 11 | 11.1
Ice Magic      | 5 6 7 9 10 | 10.0
Hexes          | 7 11 | 11.3
Fighting       | 3 5 |  5.1
Stealth        | |  3.0
Spellcasting   | |  2.0

Action                   |  1- 3 |  4- 6 |  7- 9 | 10-12 || total
-------------------------+-------+-------+-------+-------++-------
Melee: Unarmed           |    18 |       |       |       ||    18
       Bite              |     3 |     6 |    24 |     9 ||    42
       Dagger            |       |    66 |   195 |    62 ||   323
 Cast: Freeze            |    47 |     3 |     6 |    18 ||    74
       Frozen Ramparts   |     4 |    21 |    41 |    16 ||    82
Evoke: Wand              |       |     2 |    22 |     3 ||    27
  Use: Potion            |       |       |     2 |       ||     2
       Scroll            |       |       |     7 |     5 ||    12
 Stab: Sleeping          |       |     6 |     1 |     1 ||     8
       Confused          |       |       |       |     2 ||     2
Armor: Robe              |    10 |       |       |       ||    10
       Animal skin       |       |    21 |    63 |     8 ||    92
Dodge: Dodged            |    44 |    45 |   198 |    83 ||   370

Table legend: (Time is in decaauts)
 A = Elapsed time spent in this place.
 B = Non-inter-level travel time spent in this place.
 C = Inter-level travel time spent in this place.
 D = Time resting spent in this place.
 E = Time spent auto-exploring this place.
 F = Levels seen in this place.
 G = Mean time per level.
                   A        B        C        D        E       F      G
               +--------+--------+--------+--------+--------+-----+--------+
         Total |   9906 |   9590 |    316 |     36 |   8172 |  11 |  900.5 |
       Dungeon |   9904 |   9588 |    316 |     36 |   8172 |  10 |  990.4 |
        Temple |      1 |      1 |      0 |      0 |      0 |   1 |    1.0 |
               +--------+--------+--------+--------+--------+-----+--------+

Top non-repeatable levels by time:
     D:2: 1532 daAuts
     D:9: 1298 daAuts
     D:5: 1275 daAuts
     D:6: 1181 daAuts
     D:1: 1055 daAuts
     D:4: 1005 daAuts
     D:7: 861 daAuts
     D:3: 687 daAuts
     D:8: 564 daAuts
    D:10: 441 daAuts
  Temple: 1 daAuts
